 Dungeon Crawl Stone Soup version 0.22-a0-542-gce4f928 (webtiles) character file.

20 kae the Covered (level 2, -5/27 HPs)
             Began as a Minotaur Fighter on June 24, 2018.
             Slain by a gnoll
             ... wielding a cursed -2 halberd
              (12 damage)
             ... on level 2 of the Dungeon.
             The game lasted 00:00:30 (1041 turns).

kae the Covered (Minotaur Fighter)                  Turns: 1041, Time: 00:00:31

Health: -5/27      AC:  7    Str: 20    XL:     2   Next: 58%
Magic:  1/1        EV:  7    Int:  5    God:
Gold:   21         SH:  9    Dex:  9    Spells: 1/1 levels left

rFire    . . .     SeeInvis .   a - +0 long sword
rCold    . . .     Gourm    .   c - +0 shield
rNeg     . . .     Faith    .   b - +0 scale mail
rPois    .         Spirit   .   (helmet restricted)
rElec    .         Reflect  .   (no cloak)
rCorr    .         Harm     .   (no gloves)
MR       .....                  (no boots)
Stlth    ..........             (no amulet)
HPRegen  0.09/turn              (no ring)
MPRegen  0.07/turn              (no ring)

@: no status effects
A: retaliatory headbutt, horns 2
a: no special abilities


You were on level 2 of the Dungeon.
You were not hungry.

You visited 1 branch of the dungeon, and saw 2 of its levels.

You collected 21 gold pieces.

Inventory:

Hand Weapons
 a - a +0 long sword (weapon)
Armour
 b - a +0 scale mail (worn)
 c - a +0 shield (worn)
Jewellery
 h - an uncursed ring of magical power {unknown}
Scrolls
 g - a scroll of remove curse {unknown}
 j - a scroll of enchant armour {unknown}
 k - a scroll of identify {unknown}
Potions
 d - a potion of might
 e - a potion of mutation {unknown}
 i - 2 potions of agility {unknown}
Comestibles
 f - 2 rations


   Skills:
 + Level 3.9 Fighting
 * Level 3.1 Long Blades
 + Level 3.9 Armour
 + Level 0.9 Dodging
 - Level 3.6 Shields


You had one spell level left.
You didn't know any spells.
Your spell library was empty.

Dungeon Overview and Level Annotations

Branches:
Dungeon (2/15)

Altars:


Innate Abilities, Weirdness & Mutations

You reflexively headbutt those who attack you in melee.
You have a pair of horns on your head.


Message History

The gnoll is moderately wounded.
The gnoll hits you with a halberd. You block the gnoll's attack.
You hit the gnoll. Your headbutt misses the gnoll.
The gnoll is heavily wounded.
You block the gnoll's attack. x2; The gnoll hits you but does no damage.
The gnoll hits you with a halberd!
* * * LOW HITPOINT WARNING * * *
You are too injured to fight recklessly!
You are too injured to fight recklessly!
You are too injured to fight recklessly!
You are too injured to fight recklessly!
You are too injured to fight recklessly!
You are too injured to fight recklessly!
Your shield prevents you from hitting the gnoll.
Your headbutt misses the gnoll.
The gnoll is heavily wounded.
The gnoll hits you from afar with a spear.
* * * LOW HITPOINT WARNING * * *
The gnoll hits you with a halberd!
You die...

#.........##.#...# .
#.........#..##b.#
#.##...............†#
.....#..####.g#.$..########
......#####g....<........#
##...##..$###..........#
#......g.## #....<.....#
#..##..g######.?......##
#######..###..@...#..........#
.........# ##.###.#..........#
########.# #..# ........[...#
#.# #.## ##...........# #.# #.
##..........# ##.# ..
##........## ##..##.# .
##..##.. #<.#......


You could see 2 gnolls.

Vanquished Creatures
  A dart slug (D:1)
  7 goblins (D:1)
  A hobgoblin (D:2)
  2 ball pythons (D:1)
  A bat (D:1)
  3 frilled lizards
  3 kobolds (D:1)
18 creatures vanquished.

Vanquished Creatures (others)
  4 toadstools (D:1)
4 creatures vanquished.

Grand Total: 22 creatures vanquished

Notes
Turn   | Place    | Note
-------+----------+-------------------------------------------
     0 | D:1      | kae the Minotaur Fighter began the quest for the Orb.
     0 | D:1      | Reached XP level 1. HP: 19/19 MP: 0/0
   225 | D:1      | Reached XP level 2. HP: 24/27 MP: 1/1
  1041 | D:2      | Slain by a gnoll

Vault maps used:
D:1:      ldierk_walled_garden_2, roderic_roman_lattice, minmay_hedge_maze,
          kennysheep_pointless_box, serial_bayou_pond_d
D:2:      nicolae_overflow_crystal_walls, nicolae_qazlal_eye_of_the_storm,
          uniq_sigmund

Skill      XL: |  1  2 |
---------------+-------+-----
Long Blades    | 3 |  3.1
Fighting       | |  3.9
Armour         | |  3.9
Dodging        | |  0.9
Shields        | |  3.6

Action                   || total
-------------------------++-------
Melee: Long sword        ||    45
       Headbutt          ||     2
Armor: Scale mail        ||    18
Dodge: Dodged            ||    12
Block: Shield            ||    26
       Rpst.: Long sword ||     2

Table legend:
 A = Spawn XP
 B = Non-spawn XP
 C = Spawn XP percentage of total XP
 D = Spawn monster count
 E = Non-spawn monster count
 F = Spawn count percentage of total count
 G = Total turns spent on level
                    A         B        C        D         E        F      G
               +---------+---------+-------+---------+---------+-------+---------
         Total |       0 |      29 |   0.0 |       0 |      18 |   0.0 |  1041
               +---------+---------+-------+---------+---------+-------+---------
           D:1 |       0 |      26 |   0.0 |       0 |      16 |   0.0 |   984
           D:2 |       0 |       3 |   0.0 |       0 |       2 |   0.0 |    57
               +---------+---------+-------+---------+---------+-------+---------
